Map: Rovine di Endion

Players

Jhyrachy

  • Race: Zerg Zerg
  • League: Gold

MACK - Winner!

  • Race: Zerg Zerg

VOD

Have the link to the VOD?

Description

Time

  • Played on: April 26, 2016, 6:58 p.m.
  • Length: 11:28
Show
View Real Time Build Order
Export as new Build Order

Jhyrachy Zerg 

Build Orders: Hatch First 

Get SALT Encoding   

  12  0:01  Drone  
  13  0:09  Drone  
  14  0:22  Overlord  
  14  0:40  Drone  
  14  0:41  Drone x2  
  17  0:57  Hatchery, Extractor  
  17  0:59  Drone  
  16  1:17  Spawning Pool, Drone  
  16  1:23  Drone  
  17  1:33  Drone  
  17  1:36  Drone  
  19  2:04  Metabolic Boost  
  19  2:09  Queen x2  
  19  2:13  Zergling x2, Spine Crawler  
  19  2:14  Zergling x2  
  24  2:17  Zergling x2  
  25  2:44  Zergling x2  
  25  2:45  Zergling x4  
  28  2:58  Overlord x2  
  28  3:06  Overlord  
  28  3:23  Zergling x2  
  28  3:24  Zergling x12  
  29  3:53  Drone x7  
  29  3:54  Drone  
  37  4:01  Drone x2  
  39  4:03  Extractor  
  38  4:11  Roach Warren  
  38  4:16  Drone x3  
  40  4:54  Roach  
  40  4:55  Roach x5  
  40  4:58  Overlord  
  40  4:59  Overlord  
  52  5:08  Overlord x2  
  51  5:27  Roach x2  
  51  5:28  Roach x4  
  45  5:39  Queen  
  45  5:42  Roach x3  
  48  5:43  Roach  
  43  5:55  Queen  
  43  6:10  Roach x5  
  43  6:11  Roach x3  
  59  6:12  Overlord  
  59  6:30  Drone  
  59  6:31  Drone x3  
  63  6:49  Drone x2  
  63  6:50  Drone x4  
  69  6:58  Drone x2  
  49  7:34  Roach x3  
  49  7:35  Roach x5  
  63  7:48  Roach  
  63  7:49  Roach  
  55  8:24  Roach  
  55  8:25  Roach x7  
  55  8:49  Spine Crawler  
  55  8:50  Ravager x3  
  55  8:52  Spine Crawler  
  55  8:54  Roach x6  
  59  9:13  Queen  
  61  9:27  Ravager  
  55  10:35  Roach  
  55  10:36  Roach x10  
  55  10:37  Roach  
  73  10:52  Queen  
Show
View Real Time Build Order
Export as new Build Order

MACK Zerg - Winner!

Build Orders: Pool First 

Get SALT Encoding   

  12  0:01  Drone  
  13  0:09  Drone  
  14  0:21  Extractor x2, Drone  
  14  0:22  Drone  
  16  0:42  Spawning Pool  
  15  0:50  Overlord  
  15  1:03  Extractor  
  14  1:08  Drone x2  
  14  1:09  Drone  
  17  1:27  Hatchery  
  17  1:32  Zergling x4  
  18  1:38  Queen  
  20  1:45  Zergling x2  
  21  1:58  Zergling x2  
  22  2:08  Metabolic Boost  
  22  2:12  Overlord  
  22  2:40  Zergling x4  
  21  2:53  Zergling x6  
  21  2:54  Zergling x2  
  25  3:02  Drone  
  26  3:06  Queen  
  28  3:16  Drone  
  28  3:18  Drone x2  
  31  3:24  Extractor  
  29  3:43  Zergling x2  
  29  3:44  Zergling x12  
  33  3:57  Zergling x4  
  33  4:00  Evolution Chamber  
  34  4:07  Drone  
  34  4:08  Overlord x2  
  35  4:10  Baneling Nest  
  35  4:11  Drone  
  35  4:19  Overlord  
  35  4:24  Overlord  
  35  4:29  Drone  
  36  4:55  Zergling x8  
  36  4:56  Zergling x8  
  44  5:02  Zerg Melee Weapons Level 1  
  44  5:04  Baneling  
  44  5:05  Baneling  
  44  5:08  Baneling x2  
  44  5:14  Zergling x2  
  33  5:37  Zergling x12  
  33  5:38  Zergling x4  
  41  5:43  Zergling x2  
  41  5:44  Zergling x2  
  37  6:07  Drone x2  
  37  6:08  Drone  
  40  6:14  Drone x3  
  43  6:36  Drone x2  
  43  6:37  Drone x2  
  47  6:47  Spine Crawler  
  47  6:48  Queen  
  47  6:49  Spine Crawler  
  47  6:50  Zergling x6  
  50  6:58  Zergling x2  
  50  6:59  Zergling x2  
  51  7:19  Zergling x4  
  51  7:22  Zergling x12  
  43  7:32  Zergling x4  
  44  7:51  Zergling x8  
  43  7:54  Zerg Ground Armor Level 1  
  42  8:17  Zergling x2  
  42  8:18  Zergling x10  
  48  8:27  Zergling x2  
  48  8:28  Zergling x4  
  48  8:52  Zergling x2  
  48  8:53  Hatchery, Zergling x8  
  52  8:57  Lair  
  39  9:23  Drone x3  
  42  9:25  Extractor  
  42  9:31  Zergling x12  
  44  9:32  Zergling x2  
  44  9:34  Spine Crawler  
  44  9:35  Spine Crawler  
  44  9:36  Spine Crawler  
  44  9:38  Extractor, Overlord  
  45  9:52  Zergling x2  
  45  9:53  Zergling x4  
  45  9:56  Zergling x2  
  48  10:02  Zergling x2  
  49  10:09  Zergling x2  
  49  10:10  Zergling x2  
  45  10:28  Zergling x6  
  44  10:37  Zergling x8  
  44  11:21  Spire  
Tags
 
Add a new tag
Caveats
  • Supply blocks, unpowered buildings, or Contaminate may cause inaccurate times.
  • Supply counts are checked every 10 seconds.